 Dungeon Crawl Stone Soup version 0.17-a0-1655-g88a8506 (webtiles) character file.

263 Kidiri the Sneak (level 6, -2/48 HPs)
             Began as a Kobold Enchanter on Aug 15, 2015.
             Slain by an orc
             ... wielding a +0 dagger
              (3 damage)
             ... on level 4 of the Dungeon.
             The game lasted 00:11:48 (4543 turns).

Kidiri the Sneak (Kobold Enchanter)                 Turns: 4543, Time: 00:11:48

Health: -2/48      AC: 23    Str:  7    XL:     6   Next: 42%
Magic:  10/10      EV:  3    Int: 15    God:
Gold:   214        SH:  0    Dex: 16    Spells: 4 memorised, 2 levels left

rFire  . . .     SeeInvis .     b - +1 dagger (pain)
rCold  . . .     Clarity  .     (armour currently unavailable)
rNeg   + + +     SustAt   .     (shield restricted)
rPois  +         Gourm    .     (helmet currently unavailable)
rElec  .         Spirit   .     (cloak currently unavailable)
rCorr  .         Warding  .     (gloves currently unavailable)
rMut   .         NoTele   +     (boots currently unavailable)
MR     .....                    (no amulet)
Stlth  ++++......               (no ring)
                                (no ring)

@: tree-form, not resistant to hostile enchantments, stealthy
A: carnivore 3, (poison resistance), evolution 1
a: no special abilities


You were on level 4 of the Dungeon.
You were not hungry.
You were a tree.
You visited 1 branch of the dungeon, and saw 4 of its levels.

You collected 214 gold pieces.

Inventory:

Hand weapons
 b - a +1 dagger of pain (weapon)
 e - a +1 dagger of venom
Armour
 a - a +0 helmet (melded)
 k - a +2 leather armour (melded)
Scrolls
 g - 2 scrolls of remove curse
 h - 2 scrolls of recharging
Potions
 i - a potion of resistance
 m - a potion of flight
Books
 c - a book of Maledictions

   Spells                             Type                      Level
   a - Corona                         Hexes                        1
   b - Ensorcelled Hibernation        Hexes/Ice                    2
   c - Confuse                        Hexes                        3
   d - Tukima's Dance                 Hexes                        3
   e - Dazzling Spray                 Conjuration/Hexes            3
Comestibles
 d - 2 meat rations
 f - a royal jelly


   Skills:
 + Level 3.1 Short Blades
 * Level 4.1 Dodging
 * Level 5.4 Stealth
 * Level 3.2 Spellcasting
 + Level 3.5 Hexes
 + Level 1.7 Ice Magic


You had 2 spell levels left.
You knew the following spells:

 Your Spells              Type           Power        Failure   Level  Hunger
a - Corona                Hex            ##.....      6%          1    #......
b - Ensorcelled Hibernat  Hex/Ice        ##....       12%         2    ##.....
c - Confuse               Hex            ##......     17%         3    ###....
d - Tukima's Dance        Hex            ##......     17%         3    ###....


Dungeon Overview and Level Annotations

Branches:
Dungeon (4/15)
 Temple: D:4-7

Altars:
Ru


Innate Abilities, Weirdness & Mutations

You are small and have problems with some larger weapons.
You are carnivorous and can eat meat at any time.
((Your system is resistant to poisons.))
You evolve.


Message History

You hit the orc but do no damage.
The orc is moderately wounded.
The iguana bites you.
* * * LOW HITPOINT WARNING * * *
The hound skeleton bites you.
* * * LOW HITPOINT WARNING * * *
The orc hits you but does no damage.
Drink which item? (? for menu, Esc to quit)
Okay, then.
Unknown command.
Read which item? (? for menu, Esc to quit)
Okay, then.
Okay, then.
You hit the orc.
The orc is heavily wounded.
The hound skeleton bites you but does no damage.
The iguana hisses menacingly.
The iguana bites you but does no damage.
The orc hits you with a dagger.
You die...

#......=...#
#.........<#
#........%.##
###..........
...........##
#..........#
#..........#
#.....l....#
#......♣...#
........oZ..#
#..........##
............#
..............
....<..........
.............#.#
..........###..


You could see an iguana, an orc and a hound skeleton.

Vanquished Creatures
  Ijyb (D:3)
  2 orc wizards (D:3)
  Robin (D:3)
  8 adders
  2 oozes
  3 worms (D:3)
  2 giant geckos (D:1)
  6 orcs (D:3)
  A ball python (D:2)
  15 goblins
  11 hobgoblins
  3 jackals (D:1)
  10 kobolds
  3 bats
  2 giant newts (D:1)
  7 rats
77 creatures vanquished.

Notes
Turn   | Place    | Note
--------------------------------------------------------------
     0 | D:1      | Kidiri the Kobold Enchanter began the quest for the Orb.
     0 | D:1      | Reached XP level 1. HP: 10/10 MP: 3/3
    61 | D:1      | Reached XP level 2. HP: 13/15 MP: 5/5
   111 | D:1      | Learned a level 2 spell: Ensorcelled Hibernation
   647 | D:1      | Reached XP level 3. HP: 13/19 MP: 6/6
   749 | D:1      | Learned a level 3 spell: Confuse
  1433 | D:2      | Gained mutation: Your system is resistant to poisons. [potion of mutation]
  1433 | D:2      | Gained mutation: You evolve. [potion of mutation]
  1485 | D:2      | Found a sacrificial altar of Ru.
  1604 | D:2      | Reached XP level 4. HP: 18/24 MP: 4/7
  2083 | D:2      | Reached skill level 1 in Ice Magic
  2673 | D:3      | Noticed Ijyb
  2697 | D:3      | Killed Ijyb
  2697 | D:3      | Reached XP level 5. HP: 19/28 MP: 2/9
  2709 | D:3      | Learned a level 3 spell: Tukima's Dance
  2840 | D:3      | Reached skill level 5 in Stealth
  3132 | D:3      | Noticed Robin
  3496 | D:3      | Reached XP level 6. HP: 21/32 MP: 2/10
  3829 | D:3      | Killed Robin
  4542 | D:4      | HP: 2/48 [iguana (5)]
  4543 | D:4      | Slain by an orc

Vault maps used:
D:1:      dpeg_arrival_tiny_g
D:2:      nicolae_ru_path_of_blood
D:3:      uniq_iyjb, uniq_robin
D:4:      gup_sewer_entry_pipe, first_bread

Action                   |  1- 3 |  4- 6 || total
-------------------------+-------+-------++-------
Melee: Dagger            |    93 |   192 ||   285
 Cast: Ensorcelled Hiber |     5 |    14 ||    19
       Corona            |       |     2 ||     2
       Confuse           |       |     1 ||     1
  Use: Scroll            |     6 |     3 ||     9
       Potion            |     6 |     3 ||     9
 Stab: Sleeping          |    10 |    12 ||    22
       Distracted        |     1 |       ||     1
       Confused          |       |     1 ||     1
  Eat: Chunk             |    10 |     5 ||    15
